 Dungeon Crawl Stone Soup version 0.18.1-8-gdd0e5ea (webtiles) character file.

8 Freeplumber the Grave Robber (level 2, -1/22 HPs)
             Began as a Naga Necromancer on June 8, 2016.
             Slain by a kobold
             ... wielding a +0 short sword
              (6 damage)
             ... on level 1 of the Dungeon.
             The game lasted 00:01:45 (145 turns).

Freeplumber the Grave Robber (Naga Necromancer)      Turns: 145, Time: 00:01:46

Health: -1/22      AC:  1    Str: 10    XL:     2   Next: 8%
Magic:  2/5        EV: 10    Int: 15    God:
Gold:   21         SH:  0    Dex: 11    Spells: 2 memorised, 3 levels left

rFire  . . .     SeeInvis +     d - +1 club
rCold  . . .     Gourm    .     a - +0 robe
rNeg   . . .     Faith    .     (no shield)
rPois  +         Spirit   .     (no helmet)
rElec  .         Dismiss  .     (no cloak)
rCorr  .         Reflect  .     (no gloves)
SustAt .         Harm     .     (no barding)
MR     .....                    (no amulet)
Stlth  ++........               (no ring)
                                (no ring)

@: very slightly contaminated, very slow, not resistant to hostile enchantments,
unstealthy
A: see invisible, deformed body, poison resistance, slowness 2, slow metabolism
1, spit poison 2, AC +0
a: Spit Poison


You were on level 1 of the Dungeon.
You were not hungry.

You visited 1 branch of the dungeon, and saw 1 of its levels.

You collected 21 gold pieces.

Inventory:

Hand Weapons
 d - a +1 club (weapon)
 g - a +0 short sword
Missiles
 e - 13 poisoned needles
 f - 5 needles of confusion
Armour
 a - a +0 robe (worn)
Jewellery
 h - an uncursed ring of magical power {unknown}
Books
 b - a book of Necromancy

   Spells                             Type                      Level
   a - Pain                           Necromancy                   1
   b - Animate Skeleton               Necromancy                   1
   c - Vampiric Draining              Necromancy                   3
   d - Regeneration                   Charms/Necromancy            3
   e - Animate Dead                   Necromancy                   4
   f - Control Undead                 Necromancy                   4
Comestibles
 c - 2 bread rations


   Skills:
 + Level 0.2 Fighting
 + Level 1.7 Dodging
 + Level 3.0 Stealth
 + Level 2.0 Spellcasting
 + Level 4.2 Necromancy


You had 3 spell levels left.
You knew the following spells:

 Your Spells              Type           Power        Failure   Level  Hunger
a - Pain                  Necr           ##..         4%          1    #......
b - Animate Skeleton      Necr           N/A          4%          1    #......


Dungeon Overview and Level Annotations

Branches:
Dungeon (1/15)

Altars:


Innate Abilities, Weirdness & Mutations

You cannot wear boots.
Your serpentine skin is tough (AC +0).
You have supernaturally acute eyesight.
Armour fits poorly on your strangely shaped body.
Your system is resistant to poisons.
You cover ground very slowly.
You have a slow metabolism.
You can spit poison.


Message History

The giant gecko is moderately wounded.
The giant gecko barely misses you. The giant gecko misses you.
You hit the giant gecko.
You kill the giant gecko!
You have reached level 2!
You barely miss the kobold. The kobold barely misses you.
The kobold hits you but does no damage.
Casting: Pain
Confirm with . or Enter, or press ? or * to list all spells.
Aiming: Pain
Press: ? - help, Shift-Dir - straight line, f - kobold
Aim: a kobold, wielding a short sword (chance to defeat MR: 92%)
You miscast Pain.
You are very lightly contaminated with residual magic.
The world around you seems to dim momentarily.
The kobold hits you with a short sword.
* * * LOW HITPOINT WARNING * * *
You closely miss the kobold. The kobold hits you with a short sword.
You die...

#.......>......................
#.......####.#.................
#.......# #.#.#...............
######### ##.......##...####.##
#....#.....#... ...#
#..........#########
#.............# #
#.........###.# ##
###...@#.##.....# #.
#.....K######### #. #.....## #.
............... ##
#...............
#...............
#...............
#...............
#####...#######


You could see a kobold.

Vanquished Creatures
  A dart slug (D:1)
  A giant gecko (D:1)
  3 kobolds (D:1)
  A rat (D:1)
6 creatures vanquished.

Notes
Turn   | Place    | Note
--------------------------------------------------------------
     0 | D:1      | Freeplumber the Naga Necromancer began the quest for the Orb.
     0 | D:1      | Reached XP level 1. HP: 15/15 MP: 3/3
     2 | D:1      | Learned a level 1 spell: Animate Skeleton
   141 | D:1      | Reached XP level 2. HP: 9/22 MP: 3/5
   145 | D:1      | Slain by a kobold

Action                   || total
-------------------------++-------
Melee: Club              ||    10
       Unarmed           ||     4
 Cast: Pain              ||     5
  Use: Scroll            ||     2
 Stab: Sleeping          ||     1
Dodge: Dodged            ||    12
